 Dungeon Crawl Stone Soup version 0.20.0-8-g6b59dc7 (webtiles) character file.

75 Kosschaser the Grave Robber (level 4, -2/29 (33) HPs)
             Began as a Ghoul Necromancer on June 2, 2017.
             Slain by a worm (10 damage)
             ... on level 2 of the Dungeon.
             The game lasted 00:11:52 (2825 turns).

Kosschaser the Grave Robber (Ghoul Necromancer)     Turns: 2825, Time: 00:11:53

HP:   -2/29 (33)    AC:  2    Str: 11    XL:     4   Next: 31%
MP:   1/6           EV: 12    Int: 11    God:
Gold: 161           SH:  0    Dex:  9    Spells: 2/8 levels left

rFire    . . .     SeeInvis .     - Unarmed
rCold    + . .     Gourm    .   (no shield)
rNeg     + + +     Faith    .   a - +0 robe
rPois    ∞         Spirit   .   (no helmet)
rElec    .         Reflect  .   (no cloak)
rCorr    .         Harm     .   (no gloves)
MR       .....                  (no boots)
Stlth    ++........             (no amulet)
Regen    0.0/turn               (no ring)
MPRegen  0.1/turn               (no ring)

@: rotting
A: rotting body, claws 1, carnivore 3, cold resistance 1, negative energy
resistance 3, inhibited regeneration, torment resistance, unbreathing
a: no special abilities


You were on level 2 of the Dungeon.
You were hungry.

You visited 1 branch of the dungeon, and saw 2 of its levels.

You collected 161 gold pieces.

Inventory:

Armour
 a - a +0 robe (worn)
Scrolls
 e - a scroll of remove curse {unknown}
 h - a scroll of identify {unknown}
 i - 2 scrolls of amnesia {unknown}
 l - a scroll of fear {unknown}
Potions
 d - a potion of ambrosia {unknown}
 g - 2 potions of degeneration {unknown}
 j - 2 potions of berserk rage {unknown}
 k - 2 potions of brilliance {unknown}
 m - a potion of might {unknown}
Books
 b - a book of Necromancy

   Spells                             Type                      Level
   a - Pain                           Necromancy                   1
   b - Animate Skeleton               Necromancy                   1
   c - Vampiric Draining              Necromancy                   3
   d - Regeneration                   Charms/Necromancy            3
   e - Animate Dead                   Necromancy                   4
   f - Control Undead                 Necromancy                   4
Comestibles
 c - a meat ration
 f - a royal jelly


   Skills:
 + Level 0.2 Fighting
 + Level 2.0 Dodging
 + Level 2.4 Stealth
 + Level 1.3 Unarmed Combat
 + Level 2.5 Spellcasting
 + Level 4.7 Necromancy


You had 2 spell levels left.
You knew the following spells:

 Your Spells              Type           Power        Failure   Level  Hunger
a - Pain                  Necr           ##..         4%          1    ##.....
b - Animate Skeleton      Necr           N/A          4%          1    ##.....
c - Animate Dead          Necr           N/A          36%         4    #####..


Dungeon Overview and Level Annotations

Branches:
Dungeon (2/15)

Altars:


Innate Abilities, Weirdness & Mutations

Your body is rotting away.
You thrive on raw meat.
You are immune to poison.
You have sharp fingernails.
You are carnivorous and can eat meat at any time.
Your flesh is cold resistant. (rC+)
You are immune to negative energy. (rN+++)
You do not regenerate when monsters are visible.
You are immune to unholy pain and torment.
You can survive without breathing.


Message History

The worm struggles to resist.
The worm bites you. The worm bites you.
Casting: Pain
Confirm with . or Enter, or press ? or * to list all spells.
Aiming: Pain
Press: ? - help, Shift-Dir - straight line, f/p - worm
Aim: a worm (lightly wounded, chance to defeat MR: 73%)
The worm writhes in agony!
You start resting.
Casting: Pain
Confirm with . or Enter, or press ? or * to list all spells.
Aiming: Pain
Press: ? - help, Shift-Dir - straight line, f/p - worm
Aim: a worm (chance to defeat MR: 73%)
The worm writhes in agony!
The worm barely misses you. The worm bites you.
* * * LOW HITPOINT WARNING * * *
The worm bites you!
You die...

#..# #......# #...........
##.###......# #........##+
#..##......# #...........
#####..##......# #........#.)
..).#...#......# ###........#.#
###.#.#.#......# #.............
###.#.#..####'######.......####.#
..#.#.##.##................# #.#
#.#.#.##.##.....@w.........# #.#
#...#.##.##................####.#
#####.##..###.######............#
......###.# #.# ####......#######
.###### #.# #.# #.........## #..
.# #.###.# #....##.w..# #.. .#
#..##.# #....##....####.. .#
##.##.# #....##.......... .#
#..#.# #######....#####'


You could see a worm.

Vanquished Creatures
  3 adders (D:2)
  2 worms (D:2)
  2 dart slugs (D:1)
  3 leopard geckos
  A ball python (D:1)
  3 bats
  A giant cockroach (D:1)
  6 goblins
  3 hobgoblins (D:1)
  5 kobolds
  3 frilled lizards
  4 rats
36 creatures vanquished.

Vanquished Creatures (collateral kills)
  A rat (D:1)
1 creature vanquished.

Grand Total: 37 creatures vanquished

Notes
Turn   | Place    | Note
-------+----------+-------------------------------------------
     0 | D:1      | Kosschaser the Ghoul Necromancer began the quest for the Orb.
     0 | D:1      | Reached XP level 1. HP: 14/14 MP: 2/2
   191 | D:1      | Reached XP level 2. HP: 14/19 MP: 0/3
   259 | D:1      | Learned a level 1 spell: Animate Skeleton
  1152 | D:1      | Reached XP level 3. HP: 25/25 MP: 1/4
  1943 | D:2      | Reached skill level 1 in Unarmed Combat
  2349 | D:2      | Reached XP level 4. HP: 31/31 MP: 3/6
  2355 | D:2      | Learned a level 4 spell: Animate Dead
  2825 | D:2      | Slain by a worm

Skill      XL: |  1  2  3 |
---------------+----------+-----
Dodging        | 2 |  2.0
Spellcasting   | 2 |  2.5
Unarmed Combat | 1 |  1.3
Fighting       | |  0.2
Stealth        | |  2.4
Necromancy     | |  4.7

Action                   |  1- 3 |  4- 6 || total
-------------------------+-------+-------++-------
Melee: Unarmed           |    66 |    27 ||    93
 Cast: Pain              |    63 |    29 ||    92
       Animate Skeleton  |     3 |       ||     3
       Animate Dead      |       |     1 ||     1
  Eat: Chunk             |     5 |     3 ||     8
Armor: Robe              |    14 |     3 ||    17
Dodge: Dodged            |    50 |    17 ||    67
